[Event "December 5 Late 2023"]
[Site "https://www.chess.com"]
[Date "2023.12.05"]
[Round "7"]
[White "Mickiewicz, Piotr"]
[Black "Keller, Peter"]
[Result "1-0"]
[Board "119"]
[TimeControl "180+1"]
[WhiteFideId "1114891"]
[BlackFideId "1272105"]
[WhiteElo "2384"]
[BlackElo "2191"]
[WhiteTeam "POL"]
[BlackTeam "GER"]
[WhiteClock "0:00:26"]
[BlackClock "0:00:00"]

1. Nf3 d5 2. g3 Bg4 3. Bg2 c6 4. O-O e6 5. b3 Nf6 6. Bb2 Nbd7 7. h3 Bxf3 8. exf3 Bd6 9. f4 O-O 10. Re1 Re8 11. d3 e5 12. fxe5 Bxe5 13. Bxe5 Nxe5 14. Nd2 Qa5 15. Nf3 Nxf3+ 16. Bxf3 Qc3 17. Rc1 a5 18. a4 Kf8 19. h4 Re6 20. Rxe6 fxe6 21. Qe2 e5 22. Qe1 Qd4 23. Qe3 Qxe3 24. fxe3 Re8 25. Be2 d4 26. e4 Ke7 27. g4 Nd7 28. Kg2 Rf8 29. g5 Rf4 30. Kg3 Nc5 31. Bg4 Kd6 32. Bf5 g6 33. Bg4 b5 34. Rh1 bxa4 35. bxa4 Nxa4 36. Ra1 Nc3 37. Rxa5 Rf1 38. Ra7 Rg1+ 39. Kh3 Rh1+ 40. Kg3 Rg1+ 41. Kf3 Rf1+ 42. Kg2 Rc1 43. Rxh7 Rxc2+ 44. Kg3 Rd2 45. h5 gxh5 46. Bf5 Rxd3+ 47. Kh4 Rd1 48. Rd7+ Kc5 49. g6 d3 50. g7 d2 51. g8=Q Rh1+ 52. Bh3 Nd5 53. Rxd5+ cxd5 54. Qxd5+ 1-0

[Event "December 5 Late 2023"]
[Site "https://www.chess.com"]
[Date "2023.12.05"]
[Round "7"]
[White "Jesusesmifuerza"]
[Black "Al-Saffar, Araz Basim Mohammed S"]
[Result "0-1"]
[Board "120"]
[TimeControl "180+1"]
[BlackFideId "4801040"]
[WhiteElo "2137"]
[BlackElo "2378"]
[BlackTeam "IRQ"]
[WhiteClock "0:00:04"]
[BlackClock "0:00:35"]

1. e4 e5 2. Nf3 Nc6 3. Bb5 a6 4. Ba4 d6 5. O-O Ne7 6. d3 g6 7. c3 Bg7 8. Re1 O-O 9. h3 Kh8 10. d4 b5 11. Bc2 Bb7 12. Be3 d5 13. dxe5 Nxe5 14. Nxe5 Bxe5 15. f4 Bg7 16. Nd2 d4 17. cxd4 Bxd4 18. Qe2 c5 19. Rad1 Nc6 20. Nb3 Qb6 21. Kh1 Kg7 22. f5 Rad8 23. Bxd4+ cxd4 24. e5 f6 25. exf6+ Rxf6 26. fxg6 hxg6 27. Rf1 Rdf8 28. Rxf6 Rxf6 29. Rf1 Qd8 30. Nc5 Bc8 31. Qd3 Nb4 32. Qd1 Rxf1+ 33. Qxf1 Nxc2 34. Qf4 Qe7 35. Nd3 Bf5 36. Ne5 d3 37. g4 Qb4 38. Qxb4 Nxb4 39. gxf5 d2 40. f6+ Kf8 41. Nxg6+ Kf7 42. Ne5+ Ke6 43. f7 d1=Q+ 44. Kh2 Qe2+ 45. Kg3 Qxe5+ 46. Kg2 Kxf7 0-1

[Event "December 5 Late 2023"]
[Site "https://www.chess.com"]
[Date "2023.12.05"]
[Round "7"]
[White "Teumer, Joerg, Dr."]
[Black "Figorito, Nick"]
[Result "1-0"]
[Board "121"]
[TimeControl "180+1"]
[WhiteFideId "4643526"]
[BlackFideId "30923689"]
[WhiteElo "2125"]
[BlackElo "2377"]
[WhiteTeam "GER"]
[BlackTeam "USA"]
[WhiteClock "0:00:47"]
[BlackClock "0:00:03"]

1. d4 Nf6 2. Bg5 d5 3. Bxf6 exf6 4. e3 Bd6 5. Nf3 O-O 6. c4 dxc4 7. Bxc4 c6 8. Nc3 Nd7 9. O-O f5 10. Qc2 Nf6 11. Bd3 g6 12. g3 Re8 13. Rac1 Be6 14. b3 Nd5 15. Nxd5 Bxd5 16. Be2 Ba3 17. Rcd1 Be4 18. Qc3 Bd6 19. Nd2 Bd5 20. Bc4 Bc7 21. Bxd5 Qxd5 22. Qc4 Qd7 23. Nf3 Rad8 24. Rc1 Qd5 25. Qxd5 Rxd5 26. Rc4 Rdd8 27. Rfc1 Bd6 28. Kg2 a6 29. R1c2 Kg7 30. Rc1 h5 31. h4 Kf6 32. R4c2 Ba3 33. Rd1 Bd6 34. Rdc1 Ke6 35. Rc4 f6 36. R1c2 Rg8 37. Rc1 g5 38. Rh1 g4 39. Ne1 Rc8 40. Nd3 Rc7 41. Rhc1 Rgc8 42. Kf1 Kd5 43. Ke2 c5 44. dxc5 Bxc5 45. Nf4+ Ke5 46. Nxh5 Bd6 47. Rxc7 Rxc7 48. Rxc7 Bxc7 49. Kd3 Ba5 50. Nf4 Be1 51. Ke2 Bb4 52. Nd3+ Ke4 53. h5 Bf8 54. Nf4 Bh6 55. Ne6 b5 56. Nc7 Ke5 57. Nxa6 Kd5 58. Kd3 Bg5 59. Nb4+ Kc5 60. Nc2 b4 61. Nd4 1-0

[Event "December 5 Late 2023"]
[Site "https://www.chess.com"]
[Date "2023.12.05"]
[Round "7"]
[White "Melikhov, Evgeny V."]
[Black "Vanek, Tomas"]
[Result "0-1"]
[Board "122"]
[TimeControl "180+1"]
[WhiteFideId "4122046"]
[BlackFideId "313459"]
[WhiteElo "2377"]
[BlackElo "2179"]
[WhiteTeam "GRE"]
[BlackTeam "CZE"]
[WhiteClock "0:00:20"]
[BlackClock "0:00:15"]

1. d4 f5 2. e4 fxe4 3. Nc3 Nf6 4. Bg5 g6 5. Bc4 e6 6. d5 Be7 7. Bxf6 Bxf6 8. Nxe4 Be7 9. d6 cxd6 10. Nxd6+ Bxd6 11. Qxd6 Qg5 12. Ne2 Qxg2 13. O-O-O Qc6 14. Qd4 O-O 15. h4 b5 16. Bd3 Bb7 17. h5 Qb6 18. Qe5 Bxh1 19. hxg6 hxg6 20. Rxh1 Qxf2 21. Rh8+ Kf7 22. Rh7+ Ke8 23. Qd6 Qe1# 0-1

[Event "December 5 Late 2023"]
[Site "https://www.chess.com"]
[Date "2023.12.05"]
[Round "7"]
[White "Mangialardo, Tiago Carvalho"]
[Black "Su, Dion"]
[Result "1-0"]
[Board "124"]
[TimeControl "180+1"]
[WhiteFideId "2130718"]
[BlackFideId "2029731"]
[WhiteElo "2106"]
[BlackElo "2374"]
[WhiteTeam "BRA"]
[BlackTeam "USA"]
[WhiteClock "0:00:03"]
[BlackClock "0:01:01"]

1. e4 e6 2. Nf3 c5 3. d4 cxd4 4. Nxd4 a6 5. c4 Qc7 6. Nc3 d6 7. Be2 Nf6 8. O-O Be7 9. b3 O-O 10. Bb2 Nbd7 11. Kh1 b6 12. f4 Bb7 13. Bf3 Rad8 14. g4 d5 15. exd5 exd5 16. g5 Ne4 17. Nxd5 Bxd5 18. cxd5 Nd6 19. Rc1 Qb7 20. Nc6 Rde8 21. Ba3 Nc5 22. Re1 Nf5 23. Bb2 Bd6 24. Bg4 Ne7 25. Qd4 f6 26. gxf6 gxf6 27. Be6+ Nxe6 28. dxe6 Nxc6 29. Rg1+ Kh8 30. Qxf6+ Rxf6 31. Bxf6+ 1-0

[Event "December 5 Late 2023"]
[Site "https://www.chess.com"]
[Date "2023.12.05"]
[Round "7"]
[White "Buenafe Moya, Javier"]
[Black "Ghosh, Chanchal Kumer"]
[Result "1-0"]
[Board "125"]
[TimeControl "180+1"]
[WhiteFideId "2206412"]
[BlackFideId "10201858"]
[WhiteElo "2366"]
[BlackElo "2103"]
[WhiteTeam "ESP"]
[BlackTeam "BAN"]
[WhiteClock "0:00:56"]
[BlackClock "0:00:00"]

1. c4 e5 2. Nc3 Bc5 3. a3 a6 4. b4 Ba7 5. e3 Nc6 6. Nge2 d6 7. g3 Nge7 8. Bg2 Bg4 9. h3 Be6 10. Nd5 O-O 11. O-O f5 12. d4 exd4 13. exd4 h6 14. Nxe7+ Nxe7 15. d5 Bd7 16. Bb2 Ng6 17. Nd4 Qf6 18. Rb1 Ne5 19. Qb3 f4 20. Kh1 fxg3 21. fxg3 Qg5 22. Kh2 Rxf1 23. Rxf1 Qd2 24. Ne6 Re8 25. Bxe5 dxe5 26. Qf3 Bxe6 27. dxe6 Qd8 28. Qf7+ Kh8 29. c5 c6 30. Be4 Bb8 31. Qg6 1-0

[Event "December 5 Late 2023"]
[Site "https://www.chess.com"]
[Date "2023.12.05"]
[Round "7"]
[White "Panuganti, Kireet"]
[Black "Kostiukov, Alexandr"]
[Result "0-1"]
[Board "126"]
[TimeControl "180+1"]
[WhiteFideId "30903297"]
[BlackFideId "14108100"]
[WhiteElo "2038"]
[BlackElo "2362"]
[WhiteTeam "USA"]
[BlackTeam "UKR"]
[WhiteClock "0:00:00"]
[BlackClock "0:00:44"]

1. e4 c5 2. Nf3 g6 3. d4 cxd4 4. Nxd4 Bg7 5. c4 Nc6 6. Be3 Qa5+ 7. Nc3 Nf6 8. Qd2 Nxd4 9. Qxd4 O-O 10. Qd2 d6 11. f3 Be6 12. Bd3 Rfc8 13. Nd5 Qxd2+ 14. Kxd2 Bxd5 15. exd5 Nd7 16. Rab1 Ne5 17. b3 Nxd3 18. Kxd3 e6 19. dxe6 fxe6 20. Rhd1 Kf7 21. Ke4 Rc6 22. Rd3 a5 23. Rbd1 Rd8 24. Bf4 Ke7 25. Bg5+ Bf6 26. Bxf6+ Kxf6 27. f4 Ke7 28. g4 Rc5 29. Rh3 h5 30. gxh5 Rxh5 31. Rxh5 gxh5 32. Rg1 d5+ 33. cxd5 exd5+ 34. Kd4 Kf6 35. Rg5 h4 36. Rh5 a4 37. Rxh4 axb3 38. axb3 Kf5 39. Rh5+ Kxf4 40. Rxd5 Rh8 41. Kc5 Rxh2 42. b4 Rh6 43. b5 Ke4 44. Rd6 Rh7 45. Kb6 Ke5 46. Rd8 Ke6 47. Rb8 Kd6 48. Rxb7 Rh1 49. Rc7 Rb1 50. Rc6+ Kd7 51. Rc2 Rb3 52. Ka6 Ra3+ 53. Kb7 Rb3 54. b6 Kd6 55. Ka7 Ra3+ 56. Kb8 Rb3 57. b7 Kd7 58. Rd2+ Kc6 59. Rc2+ Kd7 60. Rc4 Rb1 61. Rd4+ Kc6 62. Rc4+ Kd7 63. Rc3 Rb4 64. Rd3+ Kc6 65. Rc3+ Kd7 66. Rc7+ Kd6 67. Rc8 Rb1 68. Rc3 Kd7 0-1

[Event "December 5 Late 2023"]
[Site "https://www.chess.com"]
[Date "2023.12.05"]
[Round "7"]
[White "Dmitriev, Sergey"]
[Black "Nery Junior, Jose Antonio"]
[Result "1-0"]
[Board "127"]
[TimeControl "180+1"]
[WhiteFideId "14101785"]
[BlackFideId "2104822"]
[WhiteElo "1981"]
[BlackElo "2355"]
[WhiteTeam "UKR"]
[BlackTeam "BRA"]
[WhiteClock "0:00:32"]
[BlackClock "0:00:00"]

1. e4 c5 2. Nf3 d6 3. d4 cxd4 4. Nxd4 Nf6 5. Bb5+ Bd7 6. Bxd7+ Qxd7 7. Nc3 a6 8. O-O g6 9. Re1 Bg7 10. Bg5 O-O 11. Nf3 Nc6 12. e5 Nxe5 13. Nxe5 dxe5 14. Qxd7 Nxd7 15. Bxe7 Rfe8 16. Bh4 Rac8 17. Rad1 Nf6 18. Bxf6 Bxf6 19. Rd7 b5 20. a3 Kg7 21. Red1 e4 22. Nxe4 Bxb2 23. Nd6 Rcd8 24. Nxe8+ Rxe8 25. R7d3 Re2 26. R3d2 Rxd2 27. Rxd2 Bxa3 28. Kf1 Kf6 29. Ke2 Ke6 30. Kd3 Bd6 31. Kd4 Bxh2 32. g3 h5 33. Ke3 h4 34. gxh4 Be5 35. f4 Bd6 36. Ke4 a5 37. c3 a4 38. Rb2 a3 39. Rxb5 a2 40. Ra5 Be7 41. Rxa2 Bxh4 42. c4 Be7 43. Ra6+ Kd7 44. Kd5 Bd8 45. Ra7+ Bc7 46. c5 f6 47. Ra6 Bd8 48. c6+ 1-0

[Event "December 5 Late 2023"]
[Site "https://www.chess.com"]
[Date "2023.12.05"]
[Round "7"]
[White "Kotyk, Michael"]
[Black "Biliy, Vadim"]
[Result "1-0"]
[Board "128"]
[TimeControl "180+1"]
[WhiteFideId "16214501"]
[BlackFideId "14114127"]
[WhiteElo "2484"]
[BlackElo "2295"]
[WhiteTeam "GER"]
[BlackTeam "UKR"]
[WhiteClock "0:01:44"]
[BlackClock "0:00:00"]

1. Nf3 c5 2. b3 Nf6 3. Bb2 g6 4. g4 h6 5. h4 Bg7 6. Rg1 Nc6 7. c4 d6 8. g5 hxg5 9. hxg5 Nh5 10. Qc1 Nd4 11. Nxd4 cxd4 12. e3 e5 13. Na3 Bf5 14. Nc2 d3 15. Nb4 e4 16. Bxg7 Nxg7 17. Qb2 Kf8 18. Nd5 Rh4 19. O-O-O b5 20. Bg2 bxc4 21. Rh1 Qxg5 22. Rxh4 Qxh4 23. Rh1 Qxh1+ 24. Bxh1 Rc8 25. bxc4 Rxc4+ 26. Kb1 Kg8 27. Nf6+ Kf8 28. Qb8+ Ke7 29. Nxe4 Bxe4 30. Bxe4 Rc5 31. Bxd3 Ne6 32. Qxa7+ Nc7 33. Bc2 Ke6 34. d4 Rb5+ 35. Bb3+ Nd5 36. e4 Kf6 37. exd5 Rb4 38. Qd7 Kg7 39. Qxd6 1-0

[Event "December 5 Late 2023"]
[Site "https://www.chess.com"]
[Date "2023.12.05"]
[Round "7"]
[White "Travadon, Loic"]
[Black "Degtiarev, Evgeny"]
[Result "1-0"]
[Board "130"]
[TimeControl "180+1"]
[WhiteFideId "26092131"]
[BlackFideId "4149610"]
[WhiteElo "2150"]
[BlackElo "2329"]
[WhiteTeam "FRA"]
[BlackTeam "GER"]
[WhiteClock "0:01:36"]
[BlackClock "0:00:00"]

1. e4 e5 2. Nc3 Nf6 3. f4 d5 4. fxe5 Nxe4 5. Nf3 Be7 6. Qe2 Nxc3 7. dxc3 c5 8. Bf4 Nc6 9. O-O-O Be6 10. Kb1 Qa5 11. h4 d4 12. c4 b5 13. Qe4 Rc8 14. Ng5 Bxg5 15. hxg5 bxc4 16. Rxh7 Rxh7 17. Qxh7 c3 18. b3 Nb4 19. a4 Nd5 20. Bb5+ Ke7 21. Qxg7 a6 22. g6 axb5 23. Bg5+ Kd7 24. gxf7 Bxf7 25. Qxf7+ Kc6 26. Qe6+ Kb7 27. Qxd5+ Rc6 28. Qd7+ Rc7 29. Qxb5+ Qxb5 30. axb5 1-0

[Event "December 5 Late 2023"]
[Site "https://www.chess.com"]
[Date "2023.12.05"]
[Round "7"]
[White "Esmeraldas Huachi, Anderson"]
[Black "Gumugama"]
[Result "0-1"]
[Board "131"]
[TimeControl "180+1"]
[WhiteFideId "3616363"]
[WhiteElo "2419"]
[BlackElo "2181"]
[WhiteTeam "ECU"]
[WhiteClock "0:01:51"]
[BlackClock "0:01:26"]

1. d4 Nf6 2. c4 g6 3. Nc3 Bg7 4. e4 d6 5. Be2 O-O 6. Be3 Nc6 7. d5 Nb8 8. h3 a5 9. f4 Nbd7 10. Nf3 e5 11. fxe5 Nxe5 12. Nxe5 dxe5 13. O-O Nd7 14. Nb5 b6 15. d6 c6 16. Nc7 Rb8 17. Bg4 Nc5 18. Bxc5 Bxg4 19. Qxg4 bxc5 20. Rad1 Rxb2 21. Ne6 fxe6 22. Qxe6+ Kh8 23. Rxf8+ Bxf8 24. Qxe5+ Bg7 25. Qe7 Rb8 26. e5 Kg8 27. e6 Bd4+ 28. Rxd4 Qxe7 29. dxe7 cxd4 0-1

[Event "December 5 Late 2023"]
[Site "https://www.chess.com"]
[Date "2023.12.05"]
[Round "7"]
[White "Novikova, Margarita"]
[Black "Pein, Jonathan"]
[Result "0-1"]
[Board "132"]
[TimeControl "180+1"]
[WhiteFideId "14109689"]
[BlackFideId "417092"]
[WhiteElo "2121"]
[BlackElo "2369"]
[WhiteTeam "GER"]
[BlackTeam "ENG"]
[WhiteClock "0:01:18"]
[BlackClock "0:01:56"]

1. d4 d6 2. Bf4 Nc6 3. c3 e5 4. Bg3 f5 5. e3 Nf6 6. Bb5 Bd7 7. Ne2 g6 8. O-O Qe7 9. d5 Nd8 10. Bxd7+ Nxd7 11. Nd2 Bg7 12. f4 Nf7 13. fxe5 Nfxe5 14. e4 Ng4 15. Qa4 O-O 16. Rae1 Nc5 17. Qc4 Ne3 18. Qb4 Nxf1 19. Rxf1 Nxe4 20. Nxe4 Qxe4 21. Qb3 Qxe2 0-1

[Event "December 5 Late 2023"]
[Site "https://www.chess.com"]
[Date "2023.12.05"]
[Round "7"]
[White "Mesa Cruz, Juan Carlos"]
[Black "Negron Lizarazo, Juan Sebastian"]
[Result "1-0"]
[Board "133"]
[TimeControl "180+1"]
[WhiteFideId "6423400"]
[BlackFideId "3936910"]
[WhiteElo "2361"]
[BlackElo "2089"]
[WhiteTeam "DOM"]
[BlackTeam "COL"]
[WhiteClock "0:00:33"]
[BlackClock "0:00:41"]

1. e4 c5 2. Nf3 d6 3. d4 cxd4 4. Nxd4 Nf6 5. Nc3 a6 6. Bg5 e6 7. f4 Be7 8. Qf3 Qc7 9. O-O-O Nbd7 10. g4 h6 11. Bh4 b6 12. Bg3 Bb7 13. g5 hxg5 14. fxg5 Nh5 15. g6 f6 16. Nxe6 Qc8 17. Bh3 Qc6 18. Bg4 Nxg3 19. Nxg7+ Kf8 20. Ne6+ Ke8 21. hxg3 Rxh1 1-0

[Event "December 5 Late 2023"]
[Site "https://www.chess.com"]
[Date "2023.12.05"]
[Round "7"]
[White "Oliveira, Tiago Batista"]
[Black "Cooper, Aaron"]
[Result "1-0"]
[Board "134"]
[TimeControl "180+1"]
[WhiteFideId "2108291"]
[BlackFideId "2634945"]
[WhiteElo "2085"]
[BlackElo "2310"]
[WhiteTeam "BRA"]
[BlackTeam "CAN"]
[WhiteClock "0:00:39"]
[BlackClock "0:00:00"]

1. d4 d5 2. c4 e6 3. Nf3 Nf6 4. g3 Be7 5. Bg2 O-O 6. O-O dxc4 7. Ne5 Nc6 8. Bxc6 bxc6 9. Nxc6 Qe8 10. Nxe7+ Qxe7 11. Qa4 c5 12. Qxc4 cxd4 13. Qxd4 Rd8 14. Qh4 Rb8 15. Nc3 Bb7 16. Bg5 h6 17. Bxf6 Qxf6 18. Qxf6 gxf6 19. Rfd1 Bc6 20. Rxd8+ Rxd8 21. Rd1 Rb8 22. b3 Kf8 23. Rd6 Rb6 24. f3 Ke7 25. Rd2 f5 26. e4 fxe4 27. Nxe4 a5 28. Kf2 a4 29. Rd3 Bd5 30. Nc5 axb3 31. Nxb3 Ra6 32. Rd2 f5 33. f4 Ra3 34. Rb2 Kd6 35. Nd4 Rxa2 36. Rxa2 Bxa2 37. Ke3 Kd5 38. Nf3 Kc4 39. Ne5+ Kc3 40. h4 Bd5 41. h5 Kc2 42. Nf7 Kd1 43. Nxh6 Ke1 44. Nf7 Kf1 45. h6 1-0

[Event "December 5 Late 2023"]
[Site "https://www.chess.com"]
[Date "2023.12.05"]
[Round "7"]
[White "Antonio, Jorge Carlos"]
[Black "Lutz, Igor Oscar"]
[Result "1-0"]
[Board "135"]
[TimeControl "180+1"]
[WhiteFideId "113190"]
[BlackFideId "2110806"]
[WhiteElo "2295"]
[BlackElo "2077"]
[WhiteTeam "ARG"]
[BlackTeam "BRA"]
[WhiteClock "0:00:59"]
[BlackClock "0:00:06"]

1. d4 d5 2. Bf4 Nf6 3. e3 c5 4. Nf3 Nc6 5. c3 Qb6 6. b3 Bf5 7. Bd3 Bxd3 8. Qxd3 e6 9. O-O Be7 10. Nbd2 O-O 11. Ne5 Nxe5 12. Bxe5 Ng4 13. Bg3 Bd6 14. c4 Bxg3 15. hxg3 cxd4 16. exd4 dxc4 17. bxc4 Rfd8 18. Nf3 Rac8 19. Qb3 Qxb3 20. axb3 a6 21. Rfd1 Kf8 22. Ra5 Ke7 23. Rg5 Nf6 24. Rxg7 Kf8 25. Rg5 Ne4 26. Rh5 Kg7 27. Rh4 Nc3 28. Rd3 Ne2+ 29. Kh2 Nc1 30. Re3 Rc6 31. Rg4+ Kf8 32. Rh4 Kg7 33. Ne5 Rb6 34. Rf3 f5 35. c5 Rxb3 36. Nc4 Rxf3 37. gxf3 Ne2 38. Nd6 Rd7 39. g4 fxg4 40. Rxg4+ Kf6 41. Re4 Nc3 42. Re1 Nd5 43. Rb1 Nf4 44. Kg3 Ne2+ 45. Kg4 Rg7+ 46. Kh3 Nf4+ 47. Kh2 Rg2+ 48. Kh1 Rxf2 49. Ne4+ 1-0

[Event "December 5 Late 2023"]
[Site "https://www.chess.com"]
[Date "2023.12.05"]
[Round "7"]
[White "Clarke, Matthew"]
[Black "Feliz Dotel, Dewar Bienvenido"]
[Result "1-0"]
[Board "136"]
[TimeControl "180+1"]
[WhiteFideId "3227804"]
[BlackFideId "6402801"]
[WhiteElo "2242"]
[BlackElo "2075"]
[WhiteTeam "AUS"]
[BlackTeam "DOM"]
[WhiteClock "0:00:02"]
[BlackClock "0:00:00"]

1. c4 e6 2. Nc3 d5 3. d4 Nf6 4. cxd5 exd5 5. Bg5 Be7 6. e3 O-O 7. Bd3 h6 8. Bh4 c6 9. Nge2 Bg4 10. O-O Bxe2 11. Qxe2 Nbd7 12. Rab1 a5 13. f3 Re8 14. Qc2 Nf8 15. Rbd1 N6h7 16. Bf2 Bh4 17. g3 Be7 18. Kg2 Qd7 19. Na4 Rad8 20. g4 g6 21. Rfe1 Nf6 22. Bg3 Bd6 23. Nc5 Bxc5 24. Qxc5 Qe7 25. Qc3 a4 26. h3 Ne6 27. Bc2 Ra8 28. e4 dxe4 29. fxe4 Nf8 30. d5 cxd5 31. exd5 Qd8 32. d6 Rc8 33. Rxe8 Nxe8 34. Qd2 Nf6 35. Bxa4 1-0

[Event "December 5 Late 2023"]
[Site "https://www.chess.com"]
[Date "2023.12.05"]
[Round "7"]
[White "Vila Dupla, Aurelio"]
[Black "Winkels, Marcel"]
[Result "1-0"]
[Board "138"]
[TimeControl "180+1"]
[WhiteFideId "2203383"]
[BlackFideId "1003887"]
[WhiteElo "2203"]
[BlackElo "2005"]
[WhiteTeam "ESP"]
[BlackTeam "NED"]
[WhiteClock "0:00:03"]
[BlackClock "0:00:00"]

1. Nf3 Nf6 2. d4 g6 3. g3 c6 4. Bg2 d5 5. O-O Bg7 6. c4 O-O 7. cxd5 cxd5 8. Nc3 Nc6 9. Ne5 e6 10. Nxc6 bxc6 11. Na4 Nd7 12. Be3 Rb8 13. Rc1 Bb7 14. Qd2 Nb6 15. Nxb6 axb6 16. Rc2 Ra8 17. a3 Ra4 18. Rfc1 Qa8 19. Qc3 Re8 20. Qb3 Qa7 21. Rd1 e5 22. dxe5 Ra6 23. f4 Rd8 24. Rcd2 Qa8 25. Bxb6 Rb8 26. Qe3 Ra4 27. Bc7 Rc8 28. Bd6 Bf8 29. Bxf8 Kxf8 30. Rc1 Rd8 31. Qc5+ Kg8 32. Rcd1 Ra5 33. Qc3 Rb5 34. e4 Qa7+ 35. Kh1 Qb6 36. b4 Qa7 37. exd5 cxd5 38. h3 h5 39. e6 Qb6 40. exf7+ Kxf7 41. Qd4 Qe6 42. Kh2 Rc8 43. Rd3 Rc2 44. R1d2 Rxd2 45. Rxd2 Kg8 46. Rd3 Bc6 47. Re3 Qd6 48. Qa7 d4 49. Re7 1-0

[Event "December 5 Late 2023"]
[Site "https://www.chess.com"]
[Date "2023.12.05"]
[Round "7"]
[White "Grbac, Boris"]
[Black "Duncan, Chris R"]
[Result "0-1"]
[Board "139"]
[TimeControl "180+1"]
[WhiteFideId "14503565"]
[BlackFideId "403091"]
[WhiteElo "1937"]
[BlackElo "2188"]
[WhiteTeam "CRO"]
[BlackTeam "ENG"]
[WhiteClock "0:01:21"]
[BlackClock "0:01:12"]

1. e4 e6 2. d4 d5 3. Nc3 Bb4 4. Ne2 c5 5. exd5 Qxd5 6. Bd2 Qd8 7. a3 cxd4 8. axb4 dxc3 9. Bxc3 Qxd1+ 10. Rxd1 Nf6 11. Bxf6 gxf6 12. Nd4 Bd7 13. Bb5 Nc6 14. O-O Ke7 15. Bxc6 Bxc6 16. Nxc6+ bxc6 17. Rd3 Rhd8 18. Rfd1 Rd5 19. c4 Rxd3 20. Rxd3 Rb8 21. Rb3 a5 22. b5 cxb5 23. cxb5 Kd6 24. Kf1 Kc5 25. Rh3 Rxb5 26. Rxh7 Rb7 27. Rh4 Rxb2 28. Ra4 Kb5 29. Ra1 a4 30. g3 Kb4 31. h4 a3 32. h5 a2 33. Kg2 Ka3 34. h6 Rb8 35. g4 Rh8 36. Rh1 Rxh6 37. Rxh6 a1=Q 38. Rh7 Qd4 39. Rxf7 Qxg4+ 40. Kf1 Qg6 41. Ra7+ Kb4 0-1

[Event "December 5 Late 2023"]
[Site "https://www.chess.com"]
[Date "2023.12.05"]
[Round "7"]
[White "Cornelison, Paul"]
[Black "Martine, Jean-Christophe"]
[Result "1-0"]
[Board "140"]
[TimeControl "180+1"]
[WhiteFideId "2004186"]
[BlackFideId "603651"]
[WhiteElo "1883"]
[BlackElo "2182"]
[WhiteTeam "USA"]
[BlackTeam "FRA"]
[WhiteClock "0:00:19"]
[BlackClock "0:00:17"]

1. e4 d6 2. Nf3 e5 3. Bc4 Be7 4. d3 Nf6 5. c3 O-O 6. Bb3 Bg4 7. Nbd2 c6 8. h3 Bh5 9. g4 Bg6 10. Nf1 Nbd7 11. Ng3 d5 12. Qe2 Bd6 13. Bg5 dxe4 14. dxe4 h6 15. Bxf6 Qxf6 16. Rd1 Nc5 17. Bc2 Rad8 18. Nf5 Bc7 19. h4 Ne6 20. O-O Nf4 21. Qe1 Rxd1 22. Qxd1 Rd8 23. Qe1 Kf8 24. Kh2 Qe6 25. Bb3 Qc8 26. Rg1 h5 27. Ng5 hxg4 28. Rxg4 Bh5 29. Rg3 Rd3 30. Nh7+ Ke8 31. Nxg7+ Kd8 32. Nxh5 Rxg3 33. fxg3 Nxh5 34. Qd1+ Ke7 35. Qxh5 Qg8 36. Qg5+ Qxg5 37. Nxg5 f6 38. Nf3 Bb6 39. g4 Be3 40. Bc2 Kf8 41. Kg3 Kg7 42. g5 Bc1 43. b3 fxg5 44. hxg5 Bb2 45. c4 b5 46. Kg4 Kg6 47. Nh4+ Kg7 48. Nf5+ Kf7 49. Nd6+ Ke6 50. Nf5 bxc4 51. bxc4 Bc1 52. Bb3 c5 53. Ba4 a5 54. Bc6 Bd2 55. Bd5+ Kd7 56. g6 Ke8 57. g7 Kd7 58. g8=Q Kc7 59. Qf7+ 1-0

[Event "December 5 Late 2023"]
[Site "https://www.chess.com"]
[Date "2023.12.05"]
[Round "7"]
[White "Burke, Paul"]
[Black "Joubert, Dantelle"]
[Result "0-1"]
[Board "142"]
[TimeControl "180+1"]
[WhiteFideId "2605767"]
[BlackFideId "14310813"]
[WhiteElo "1807"]
[BlackElo "2149"]
[WhiteTeam "CAN"]
[BlackTeam "RSA"]
[WhiteClock "0:00:00"]
[BlackClock "0:01:14"]

1. e4 e5 2. Nf3 Nc6 3. Bc4 Bc5 4. b4 Bxb4 5. c3 Bd6 6. d4 Qe7 7. O-O Nf6 8. Ng5 O-O 9. Nxf7 Rxf7 10. Bxf7+ Qxf7 11. d5 Ne7 12. Qe2 Ng6 13. c4 Bc5 14. Nc3 Bd4 15. Bd2 d6 16. h3 Bxc3 17. Bxc3 Nf4 18. Qf3 Qg6 19. Kh2 Nxe4 20. Be1 Ng5 21. Qe3 Ngxh3 0-1

[Event "December 5 Late 2023"]
[Site "https://www.chess.com"]
[Date "2023.12.05"]
[Round "7"]
[White "th3d4rkness"]
[Black "Yushko, Olga"]
[Result "0-1"]
[Board "143"]
[TimeControl "180+1"]
[BlackFideId "14114500"]
[WhiteElo "2137"]
[BlackElo "2100"]
[BlackTeam "UKR"]
[WhiteClock "0:00:39"]
[BlackClock "0:00:53"]

1. e4 e6 2. d3 d5 3. Nd2 Nf6 4. Ngf3 Be7 5. g3 O-O 6. Bg2 c5 7. O-O Nc6 8. e5 Nd7 9. Re1 Qc7 10. Qe2 b5 11. h4 a5 12. Nf1 Ba6 13. Bf4 b4 14. N1h2 c4 15. a3 Rfb8 16. Ng5 Bxg5 17. hxg5 Nd4 18. Qh5 Nxc2 19. Ng4 Nxa1 20. Rxa1 cxd3 21. Nf6+ Nxf6 22. gxf6 Qd8 23. Qg5 Qf8 24. Bf3 bxa3 25. bxa3 Rb2 26. Kg2 h6 27. Qg4 g6 28. Rh1 Qc5 29. Be3 Qxe3 0-1

[Event "December 5 Late 2023"]
[Site "https://www.chess.com"]
[Date "2023.12.05"]
[Round "7"]
[White "Lohani, Sujana"]
[Black "Smirnov, Timofey"]
[Result "1-0"]
[Board "144"]
[TimeControl "180+1"]
[WhiteFideId "12311987"]
[BlackFideId "24176427"]
[WhiteElo "2001"]
[BlackElo "2041"]
[WhiteTeam "NEP"]
[BlackTeam "RUS"]
[WhiteClock "0:01:34"]
[BlackClock "0:00:00"]

1. d4 d5 2. c4 c6 3. cxd5 cxd5 4. Nc3 Nf6 5. f3 e6 6. e4 dxe4 7. fxe4 Be7 8. e5 Nd5 9. Nf3 O-O 10. Bd3 Bb4 11. O-O Nxc3 12. bxc3 Bxc3 13. Bxh7+ Kh8 14. Rb1 Nc6 15. Be3 Bxd4 16. Bxd4 Kxh7 17. Qc2+ g6 18. Rbd1 Nxd4 19. Rxd4 Qb6 20. Kh1 Kg7 21. Qd2 Qc6 22. Qg5 Qa6 23. Qf6+ Kg8 24. Rg1 b6 25. Rh4 1-0

[Event "December 5 Late 2023"]
[Site "https://www.chess.com"]
[Date "2023.12.05"]
[Round "7"]
[White "Desideri, Ricardo Maruchi"]
[Black "Saim, Mohamed Ilias"]
[Result "1-0"]
[Board "145"]
[TimeControl "180+1"]
[WhiteFideId "2110440"]
[BlackFideId "7900465"]
[WhiteElo "2012"]
[BlackElo "1997"]
[WhiteTeam "BRA"]
[BlackTeam "ALG"]
[WhiteClock "0:00:20"]
[BlackClock "0:00:04"]

1. e4 c6 2. d4 d5 3. e5 Bf5 4. h4 h5 5. Bd3 Bxd3 6. Qxd3 Qa5+ 7. b4 Qxb4+ 8. Nd2 e6 9. Rb1 Qa5 10. Rxb7 Qxa2 11. Ngf3 Qa6 12. Qb3 Nd7 13. c4 Nb6 14. Rc7 Kd8 15. Rxc6 Ne7 16. Rd6+ Ke8 17. c5 Nf5 18. cxb6 Bxd6 19. exd6 Nxd6 20. Ba3 Nb5 21. b7 Rb8 22. Bc5 Qa1+ 23. Nb1 Qa5+ 24. Bb4 Qa6 25. O-O Rxb7 26. Qc2 Rc7 27. Qe2 Qa4 28. Bc5 Qc4 29. Qe5 Rh7 30. Na3 Rb7 31. Nxc4 1-0